SAAA
VERMONT LAKE MONSTERS @ ATHLETIC CLUB KC RESERVES
07/18/2030
 
TOP OF THE 1ST
Vermont Lake Monsters batting - Pitching for Athletic Club KC Reserves : RHP Ismael Calderón
Pitching: RHP Ismael Calderón
Batting: RHB Pedro Torres 0-0: Called Strike
0-1: Swinging Strike
0-2: Ball
1-2: Strikes out swinging
Batting: RHB Juan Báez 0-0: Ball
1-0: Ball
2-0: Foul Ball, location: 2F
2-1: Foul Ball, location: 2F
2-2: Strikes out swinging
Batting: RHB Alejandro Garza 0-0: Ball
1-0: Ball
2-0: Ground out 5-3 (Groundball, 56S)
Top of the 1st over - 0 runs, 0 hits, 0 errors, 0 left on base; Vermont 0 - Athletic Club KC 0
BOTTOM OF THE 1ST
Athletic Club KC Reserves batting - Pitching for Vermont Lake Monsters : RHP Anatoly Ivanovich
Pitching: RHP Anatoly Ivanovich
Batting: RHB Tony Osorio 0-0: Ball
1-0: Called Strike
1-1: Ball
2-1: Ball
3-1: Base on Balls
Batting: RHB Iván Chacón 0-0: Ball
1-0: Grounds into double play, 5-4-3 (Groundball, 56)
Batting: LHB Wu-shun Chu 0-0: Ground out 4-3 (Groundball, 4)
Bottom of the 1st over - 0 runs, 0 hits, 0 errors, 0 left on base; Vermont 0 - Athletic Club KC 0
TOP OF THE 2ND
Vermont Lake Monsters batting - Pitching for Athletic Club KC Reserves : RHP Ismael Calderón
Batting: SHB Janghyun Sam 0-0: Ball
1-0: Called Strike
1-1: Ball
2-1: Ball
3-1: Called Strike
3-2: Foul Ball, location: 2F
3-2: Base on Balls
Batting: RHB Justin Smelter 0-0: Ball
1-0: Foul Ball, location: 2F
1-1: Called Strike
1-2: Strikes out swinging
Batting: LHB Luis Freitas 0-0: Ball
1-0: Ball
2-0: Ball
3-0: Base on Balls
Janghyun Sam to second
Batting: LHB Mark Armstead 0-0: Called Strike
0-1: Ball
1-1: Foul Ball, location: 2F
1-2: Ground out 5-3 (Groundball, 56S)
Janghyun Sam to third
Luis Freitas to second
Batting: RHB Cosmo Castanhedo 0-0: Called Strike
0-1: Ball
Wild Pitch!
Janghyun Sam scores
Luis Freitas to third
1-1: Ball
2-1: Foul Ball, location: 2F
2-2: Ball
3-2: Fly out, F9 (Flyball, 9)
Top of the 2nd over - 1 run, 0 hits, 0 errors, 1 left on base; Vermont 1 - Athletic Club KC 0
BOTTOM OF THE 2ND
Athletic Club KC Reserves batting - Pitching for Vermont Lake Monsters : RHP Anatoly Ivanovich
Batting: RHB Andrés Medina 0-0: Called Strike
0-1: Swinging Strike
0-2: Strikes out looking
Batting: SHB Fernando Luna 0-0: Ground out 4-3 (Groundball, 4)
Batting: SHB Eric Moore 0-0: Called Strike
0-1: Called Strike
0-2: Ball
1-2: Ball
2-2: Fly out, F7 (Flyball, 7LS)
Bottom of the 2nd over - 0 runs, 0 hits, 0 errors, 0 left on base; Vermont 1 - Athletic Club KC 0
TOP OF THE 3RD
Vermont Lake Monsters batting - Pitching for Athletic Club KC Reserves : RHP Ismael Calderón
Batting: SHB Orlando Miranda 0-0: Foul Ball, location: 2F
0-1: Ball
1-1: Fly out, F3 (Popup, 3F)
Batting: RHB Pedro Torres 0-0: Ball
1-0: Ball
2-0: Called Strike
2-1: Ball
3-1: Called Strike
3-2: Fly out, F7 (Flyball, 7)
Batting: RHB Juan Báez 0-0: Ball
1-0: Ground out 6-3 (Groundball, 6M)
Top of the 3rd over - 0 runs, 0 hits, 0 errors, 0 left on base; Vermont 1 - Athletic Club KC 0
BOTTOM OF THE 3RD
Athletic Club KC Reserves batting - Pitching for Vermont Lake Monsters : RHP Anatoly Ivanovich
Batting: RHB Shintaro Yamada 0-0: Ball
1-0: Ball
2-0: Ball
3-0: Base on Balls
Batting: RHB Allen Williams 0-0: Grounds into double play, 6-4-3 (Groundball, 6)
Batting: RHB Javier Marino 0-0: Ball
1-0: Foul Ball, location: 2F
1-1: Ball
2-1: Foul Ball, location: 2F
2-2: Fly out, F4 (Popup, 4)
Bottom of the 3rd over - 0 runs, 0 hits, 0 errors, 0 left on base; Vermont 1 - Athletic Club KC 0
TOP OF THE 4TH
Vermont Lake Monsters batting - Pitching for Athletic Club KC Reserves : RHP Ismael Calderón
Batting: RHB Alejandro Garza 0-0: Swinging Strike
0-1: Ball
1-1: Called Strike
1-2: Ball
2-2: Strikes out looking
Batting: SHB Janghyun Sam 0-0: Called Strike
0-1: Foul Ball, location: 2F
0-2: Foul Ball, location: 2F
0-2: Ball
1-2: Ball
2-2: Strikes out swinging
Batting: RHB Justin Smelter 0-0: Called Strike
0-1: Ball
1-1: Ball
2-1: Called Strike
2-2: Ground out 6-3 (Groundball, 6)
Top of the 4th over - 0 runs, 0 hits, 0 errors, 0 left on base; Vermont 1 - Athletic Club KC 0
BOTTOM OF THE 4TH
Athletic Club KC Reserves batting - Pitching for Vermont Lake Monsters : RHP Anatoly Ivanovich
Batting: RHB Tony Osorio 0-0: Ball
1-0: Ball
2-0: Ball
3-0: Base on Balls
Batting: RHB Iván Chacón 0-0: Ball
1-0: Ball
2-0: Called Strike
2-1: Foul Ball, location: 2F
2-2: Strikes out swinging
Batting: LHB Wu-shun Chu 0-0: Ball
1-0: 2-RUN HOME RUN (Flyball, 9LD), Distance : 328 ft
Batting: RHB Andrés Medina 0-0: Foul Ball, location: 2F
0-1: Foul Ball, location: 2F
0-2: Ball
1-2: Ball
2-2: Ground out 6-3 (Groundball, 6)
Batting: SHB Fernando Luna 0-0: Foul Ball, location: 2F
0-1: Foul Ball, location: 2F
0-2: Strikes out looking
Bottom of the 4th over - 2 runs, 1 hit, 0 errors, 0 left on base; Vermont 1 - Athletic Club KC 2
TOP OF THE 5TH
Vermont Lake Monsters batting - Pitching for Athletic Club KC Reserves : RHP Ismael Calderón
Batting: LHB Luis Freitas 0-0: Ball
1-0: Foul Ball, location: 2F
1-1: Reached on error, E3 (Groundball, 34)
Batting: LHB Mark Armstead 0-0: Foul Ball, location: 2F
0-1: Foul Ball, location: 2F
0-2: Strikes out looking
Batting: RHB Cosmo Castanhedo 0-0: Called Strike
Luis Freitas steals 3rd base
0-1: Called Strike
0-2: SINGLE (Groundball, 4D)
Luis Freitas scores
Batting: SHB Orlando Miranda 0-0: Ball
1-0: Ball
2-0: Ball
3-0: Base on Balls
Cosmo Castanhedo to second
Batting: RHB Pedro Torres 0-0: Called Strike
0-1: Ball
1-1: Fly out, F3 (Popup, 3S)
Batting: RHB Juan Báez 0-0: Ball
1-0: Foul Ball, location: 2F
1-1: Fly out, F7 (Flyball, 78M)
Top of the 5th over - 1 run, 1 hit, 1 error, 2 left on base; Vermont 2 - Athletic Club KC 2
BOTTOM OF THE 5TH
Athletic Club KC Reserves batting - Pitching for Vermont Lake Monsters : RHP Anatoly Ivanovich
Batting: SHB Eric Moore 0-0: Foul Ball, location: 2F
0-1: Called Strike
0-2: Fly out, F7 (Flyball, 7S)
Batting: RHB Shintaro Yamada 0-0: Called Strike
0-1: Ball
1-1: Called Strike
1-2: Strikes out looking
Batting: RHB Allen Williams 0-0: Foul Ball, location: 2F
0-1: Called Strike
0-2: Foul Ball, location: 2F
0-2: Ground out 2-3 (Groundball, 2R)
Bottom of the 5th over - 0 runs, 0 hits, 0 errors, 0 left on base; Vermont 2 - Athletic Club KC 2
TOP OF THE 6TH
Vermont Lake Monsters batting - Pitching for Athletic Club KC Reserves : RHP Ismael Calderón
Batting: RHB Alejandro Garza 0-0: Ground out 6-3 (Groundball, 6)
Batting: SHB Janghyun Sam 0-0: Ball
1-0: Foul Ball, location: 2F
1-1: Called Strike
1-2: Ball
2-2: Foul Ball, location: 2F
2-2: Ball
3-2: Ground out 1-3 (Groundball, 13)
Batting: RHB Justin Smelter 0-0: Called Strike
0-1: Foul Ball, location: 2F
0-2: Ball
1-2: Fly out, F9 (Flyball, 89S)
Top of the 6th over - 0 runs, 0 hits, 0 errors, 0 left on base; Vermont 2 - Athletic Club KC 2
BOTTOM OF THE 6TH
Athletic Club KC Reserves batting - Pitching for Vermont Lake Monsters : RHP Anatoly Ivanovich
Batting: RHB Javier Marino 0-0: Fly out, F5 (Popup, 6S)
Batting: RHB Tony Osorio 0-0: Called Strike
0-1: Ball
1-1: Ball
2-1: Called Strike
2-2: Ball
3-2: Ground out 4-3 (Groundball, 4M)
Batting: RHB Iván Chacón 0-0: Fly out, F1 (Line Drive, 13S)
Bottom of the 6th over - 0 runs, 0 hits, 0 errors, 0 left on base; Vermont 2 - Athletic Club KC 2
TOP OF THE 7TH
Vermont Lake Monsters batting - Pitching for Athletic Club KC Reserves : RHP Ismael Calderón
Pitching: RHP Ángel Rivera
Batting: LHB Luis Freitas 0-0: Ball
1-0: Ball
2-0: Foul Ball, location: 2F
2-1: Ground out 4-3 (Groundball, 4)
Batting: LHB Mark Armstead 0-0: Ball
1-0: Ball
2-0: Swinging Strike
2-1: Foul Ball, location: 2F
2-2: Ball
3-2: Base on Balls
Pinch Hitting: LHB Brad Tillman 0-0: Called Strike
0-1: SINGLE (Line Drive, 56)
Mark Armstead to second
Batting: SHB Orlando Miranda 0-0: Ball
1-0: Foul Ball, location: 2F
1-1: Called Strike
1-2: Foul Ball, location: 2F
1-2: Foul Ball, location: 2F
1-2: Ground out U3 (Groundball, 3L)
Mark Armstead to third
Brad Tillman to second
Batting: RHB Pedro Torres 0-0: Called Strike
0-1: Ball
1-1: Swinging Strike
1-2: Foul Ball, location: 2F
1-2: Fly out, F8 (Line Drive, 8LD)
Top of the 7th over - 0 runs, 1 hit, 0 errors, 2 left on base; Vermont 2 - Athletic Club KC 2
BOTTOM OF THE 7TH
Athletic Club KC Reserves batting - Pitching for Vermont Lake Monsters : RHP Anatoly Ivanovich
Now at SS: Adrián Palma
Batting: LHB Wu-shun Chu 0-0: Ball
1-0: Fly out, F3 (Popup, 34S)
Batting: RHB Andrés Medina 0-0: Ball
1-0: Ground out 6-3 (Groundball, 6)
Batting: SHB Fernando Luna 0-0: Foul Ball, location: 2F
0-1: Ball
1-1: Swinging Strike
1-2: Fly out, F4 (Popup, 4S)
Bottom of the 7th over - 0 runs, 0 hits, 0 errors, 0 left on base; Vermont 2 - Athletic Club KC 2
TOP OF THE 8TH
Vermont Lake Monsters batting - Pitching for Athletic Club KC Reserves : RHP Ángel Rivera
Batting: RHB Juan Báez 0-0: Ball
1-0: Ball
2-0: Swinging Strike
2-1: Called Strike
2-2: Ball
3-2: SOLO HOME RUN (Flyball, 7D), Distance : 360 ft
Batting: RHB Alejandro Garza 0-0: Foul Ball, location: 2F
0-1: Called Strike
0-2: Ball
1-2: Foul Ball, location: 2F
1-2: Foul Ball, location: 2F
1-2: Ball
2-2: Strikes out swinging
Batting: SHB Janghyun Sam 0-0: Ball
1-0: Ground out 5-3 (Groundball, 56)
Batting: RHB Justin Smelter 0-0: Ball
1-0: Fly out, F7 (Flyball, 7S)
Top of the 8th over - 1 run, 1 hit, 0 errors, 0 left on base; Vermont 3 - Athletic Club KC 2
BOTTOM OF THE 8TH
Athletic Club KC Reserves batting - Pitching for Vermont Lake Monsters : RHP Anatoly Ivanovich
Pitching: RHP Santo Velazco
Batting: SHB Eric Moore 0-0: Swinging Strike
0-1: Foul Ball, location: 2F
0-2: Ball
1-2: Ball
2-2: Ball
3-2: SINGLE (Groundball, 34D)
Pinch Hitting: LHB Tony García 0-0: Called Strike
0-1: Sac Bunt - play at first, batter OUT! 1-3
Eric Moore to second
Batting: RHB Allen Williams 0-0: Ball
1-0: Ball
2-0: Called Strike
2-1: Ball
3-1: Base on Balls
Batting: RHB Javier Marino 0-0: Ball
1-0: Foul Ball, location: 2F
1-1: Ball
2-1: Foul Ball, location: 2F
2-2: Strikes out swinging
Batting: RHB Tony Osorio 0-0: Fly out, F7 (Line Drive, 7D)
Bottom of the 8th over - 0 runs, 1 hit, 0 errors, 2 left on base; Vermont 3 - Athletic Club KC 2
TOP OF THE 9TH
Vermont Lake Monsters batting - Pitching for Athletic Club KC Reserves : RHP Ángel Rivera
Pitching: LHP António Hernández
Now at 1B: Tony García
Batting: LHB Luis Freitas 0-0: Called Strike
0-1: Foul Ball, location: 2F
0-2: Ball
1-2: Ball
2-2: Foul Ball, location: 2F
2-2: Ball
3-2: Base on Balls
Batting: LHB Mark Armstead 0-0: Ball
1-0: Foul Ball, location: 2F
1-1: Fly out, F9 (Flyball, 9D)
Pinch Hitting: RHB José Alcalá 0-0: Ball
1-0: Swinging Strike
1-1: Ball
2-1: Swinging Strike
2-2: Ball
3-2: Foul Ball, location: 2F
3-2: Fielders Choice at 2nd, 1-6 (Groundball, P)
Batting: SHB Orlando Miranda 0-0: Ball
1-0: Ball
2-0: Ball
3-0: Base on Balls
José Alcalá to second
Batting: RHB Pedro Torres 0-0: Swinging Strike
0-1: Ball
1-1: Swinging Strike
1-2: Ball
2-2: Foul Ball, location: 2F
2-2: Strikes out swinging
Top of the 9th over - 0 runs, 0 hits, 0 errors, 2 left on base; Vermont 3 - Athletic Club KC 2
BOTTOM OF THE 9TH
Athletic Club KC Reserves batting - Pitching for Vermont Lake Monsters : RHP Santo Velazco
Now at SS: Sven Spee
Batting: RHB Iván Chacón 0-0: Swinging Strike
0-1: Foul Ball, location: 2F
0-2: Fly out, F9 (Flyball, 9D)
Batting: LHB Wu-shun Chu 0-0: Called Strike
0-1: Ball
1-1: Swinging Strike
1-2: Ball
2-2: Ball
3-2: Foul Ball, location: 2F
3-2: Base on Balls
Batting: RHB Andrés Medina 0-0: Ball
1-0: Grounds into double play, 5-4-3 (Groundball, 56)
Bottom of the 9th over - 0 runs, 0 hits, 0 errors, 0 left on base; Vermont 3 - Athletic Club KC 2
Sunday, March 18th, 2018 - OOTP Baseball 18.8 Build 76